AoeStats
← weritox69

Arabia

510229588Analyzed
2v2 RM · 2d ago on Sep 30, 2026· 35m 2s· 4 players
Game mode
Random Map
Map size
Medium (4 player)
Population
200
Speed
Normal
Resources
Standard
Victory
Conquest
Starting age
Dark Age
Ending age
Imperial Age
RankedLock teamsTeams togetherTeam positionsShared explorationLock speedFull tech treeHidden civsTurbo modeCheats
Victory
Defeat
🇨🇱 Khmer · Chile
972
+15
🇺🇸 Persians · United States
908
+38
🇦🇷 Huns · Argentina
974
-17
🇦🇷 Burgundians · Argentina
923
-15
SimbaSKYwalker
0:26 Loom
10:52 Feudal Age
19:26 Castle Age
18:19 Forging
18:09 Scale Mail Armor
19:02 Scale Mail Armor
19:53 Pikeman
24:53 Cavalier
25:34 Husbandry
ZEROarg
0:31 Loom
12:26 Feudal Age
18:06 Castle Age
19:34 Fletching
33:41 Bodkin Arrow
El Jay Dizzy
7:03 Loom
8:49 Feudal Age
9:50 Double-Bit Axe
11:13 Horse Collar
18:04 Wheelbarrow
21:39 Castle Age
19:24 Town Watch
20:09 Gold Mining
20:41 Scale Barding Armor
22:27 Bloodlines
23:15 Bow Saw
22:29 Light Cavalry
23:32 Fletching
23:43 Padded Archer Armor
24:05 Hand Cart
24:06 Heavy Plow
25:31 Elite Skirmisher
26:52 Husbandry
28:41 Chain Barding Armor
28:31 Forging
28:58 Stone Mining
34:56 Town Patrol
36:08 Iron Casting
35:34 Scale Mail Armor
35:36 Bodkin Arrow
weritox69
6:35 Loom
10:24 Feudal Age
11:35 Horse Collar
15:03 Scale Barding Armor
16:34 Forging
19:28 Bloodlines
24:19 Castle Age
22:51 Double-Bit Axe
25:38 Light Cavalry
26:20 Husbandry
27:04 Chain Barding Armor
27:19 Iron Casting
28:07 Wheelbarrow
29:10 Hand Cart
30:13 Heavy Plow
Connection lost

Rejoining the realm…

Still unreachable

The connection could not be restored.

Session expired

The server has moved on; the page needs a fresh start.